 Dungeon Sprint DCSS version 0.31.0-12-g77e489cdc1 (webtiles) character file.

Game seed: 1210613714198061250

982 CougarLife the Geomancer (level 8, -15/41 HPs)
             Began as a Gargoyle Earth Elementalist on Feb 27, 2024.
             Was a Believer of Vehumet.
             Shot with an arrow by a centaur warrior (23 damage)
             ... in the Dungeon (Sprint IX: "|||||||||||||||||||||||||||||").
             The game lasted 00:02:39 (388 turns).

CougarLife the Geomancer (GrEE)                      Turns: 388, Time: 00:02:40

Health: -15/41     AC:  8    Str: 15    XL:     8   Next: 17%
Magic:  12/21      EV: 11    Int: 21    God:    Vehumet [**....]
Gold:   0          SH:  0    Dex: 10    Spells: 18/26 levels left

rFire   . . .        l - +2 morningstar (protect)
rCold   . . .        (no shield)
rNeg    + . .        a - +0 robe
rPois   ∞            (no helmet)
rElec   +            m - +0 cloak
rCorr   .            (no gloves)
SInv    .            (no boots)
Will    .....        (no amulet)
Stlth   ++           n - +3 ring of intelligence
HPRegen 0.26/turn    o - +3 ring of strength
MPRegen 0.17/turn

%: no teleportation
@: no status effects
A: sickness immunity, AC +5, negative energy resistance 1, electricity
resistance, torment resistance 1, petrification resistance
a: Renounce Religion


You were in the Dungeon.
You worshipped Vehumet.
Vehumet was pleased with you.
You visited 1 branch

Inventory:

Hand Weapons
 l - a +2 morningstar of protection (weapon)
Armour
 a - a +0 robe (worn)
 m - a +0 cloak (worn)
Jewellery
 n - a +3 ring of intelligence (left hand)
 o - a +3 ring of strength (right hand)
Wands
 k - a wand of quicksilver (10)
Scrolls
 g - 2 scrolls of blinking
 j - 2 scrolls of amnesia
Potions
 b - 2 potions of magic
 c - 2 potions of curing
 d - a potion of invisibility
 e - a potion of haste
 f - a potion of berserk rage


   Skills:
 - Level 1.5 Dodging
 - Level 2.1 Stealth
 + Level 9.6 Spellcasting
 + Level 11.0 Conjurations
 + Level 12.4 Earth Magic


You had 18 spell levels left.
You knew the following spells:

 Your Spells              Type           Power      Damage    Failure   Level
a - Sandblast             Erth           100%       2d20      1%          1
b - Stone Arrow           Conj/Erth      100%       3d13      1%          3
c - Brom's Barrelling Bo  Conj/Erth      56%        2d7       1%          4

Your spell library contained the following spells:

 Spells                   Type           Power      Damage    Failure   Level
 Freeze                   Ice            40%        1d6       7%          1
 Passwall                 Erth           58%        N/A       1%          3
 Petrify                  Alch/Erth      36%        N/A       5%          4


Dungeon Overview and Level Annotations

Branches:
Dungeon (1/1)

Altars:
Cheibriados
Dithmenos
Elyvilon
Fedhas
Gozag
Hepliaklqana
Kikubaaqudgha
Makhleb
Nemelex Xobeh
Okawaru
Qazlal
Ru
Sif Muna
Trog
Uskayaw
Vehumet
Wu Jian
Xom
Yredelemnul
Zin
The Shining One
Jiyva
Lugonu


Innate Abilities, Weirdness & Mutations

You are immune to sickness and miasma.
Your stone body is resilient. (AC +5)
You are immune to poison.
You resist negative energy. (rN+)
You are resistant to electric shocks. (rElec)
You are resistant to unholy torment.
You are immune to petrification.


Message History

Casting: Stone Arrow (safe; 1% risk of failure)
Confirm with . or Enter, or press ? or * to list all spells.
Okay, then.
Casting: Stone Arrow (safe; 1% risk of failure)
Confirm with . or Enter, or press ? or * to list all spells.
Aiming: Brom's Barrelling Boulder (dangerous; 1% risk of failure)
Press: ? - help, Dir - move target You send a boulder barrelling forward!
It's unwise to walk into this.
There is an open door to the Dungeon, spattered with blood here.
Your boulder slams into a wall and explodes!
You open the door. 2 centaurs, a komodo dragon, a gargoyle and a slime creature come into view.
The centaur shouts!
The komodo dragon hisses angrily.
The centaur warrior shouts!
The centaur warrior wields a +0 shortbow.
The centaur warrior shoots an arrow.
The arrow hits you!
Casting: Brom's Barrelling Boulder (dangerous; 1% risk of failure)
Confirm with . or Enter, or press ? or * to list all spells.
Aiming: Brom's Barrelling Boulder (dangerous; 1% risk of failure)
Press: ? - help, Dir - move target, f - centaur
Aim: a centaur (100% to hit)
You send a boulder barrelling forward!
The slime creature quivers.
The centaur warrior shoots an arrow.
The arrow hits your boulder!!
The centaur warrior shoots an arrow.
The arrow hits your boulder!
Your boulder is destroyed!
The centaur warrior shoots an arrow.
The arrow hits you!!
Ouch! That really hurt!
* * * LOW HITPOINT WARNING * * *
Casting: Brom's Barrelling Boulder (dangerous; 1% risk of failure)
Confirm with . or Enter, or press ? or * to list all spells.
Aiming: Stone Arrow (safe; 1% risk of failure)
Press: ? - help, Shift-Dir - straight line, f/p - centaur
Aim: a centaur (87% to hit)
The stone arrow hits the centaur warrior!!
The centaur warrior is moderately wounded.
The centaur warrior shoots an arrow.
The arrow hits you!!
Ouch! That really hurt!
You die...

▓[▓
▓)▓
▓.▓
▓.▓
▓'▓
▓.▓
▓.▓
▓.▓
▓@▓
▓.▓
▓.▓
▓c▓
▓c▓
▓.▓
▓.▓
▓9▓
▓l▓


You could see a centaur warrior, a gargoyle and a centaur.

Vanquished Creatures
  An unseen horror (D)
  2 shadows (D)
  A vampire mosquito (D)
  An acid dragon (D)
  A howler monkey (D)
  3 hounds (D)
  2 adders (D)
  A goblin (D)
  A hobgoblin (D)
  A kobold (D)
  A ball python (D)
  A frilled lizard (D)
16 creatures vanquished.

Vanquished Creatures (others)
  2 boulders (D)
2 creatures vanquished.

Grand Total: 18 creatures vanquished

Notes
Turn   | Place    | Note
-------+----------+-------------------------------------------
     0 | D        | CougarLife the Gargoyle Earth Elementalist began the quest
                  | for the Orb.
     0 | D        | Reached XP level 1. HP: 10/10 MP: 3/3
    12 | D        | Reached skill level 4 in Earth Magic
    66 | D        | Noticed a hound
    66 | D        | Noticed a hound
    66 | D        | Noticed a hound
    70 | D        | Killed a hound
    71 | D        | Reached skill level 5 in Earth Magic
    71 | D        | Reached XP level 2. HP: 6/15 MP: 2/6
    71 | D        | Reached XP level 3. HP: 7/19 MP: 2/8
    78 | D        | Reached skill level 5 in Conjurations
    78 | D        | Reached skill level 6 in Earth Magic
    78 | D        | Reached XP level 4. HP: 20/24 MP: 0/10
    82 | D        | Reached skill level 5 in Spellcasting
    82 | D        | Reached skill level 7 in Earth Magic
   113 | D        | Learned a level 3 spell: Stone Arrow
   118 | D        | Learned a level 4 spell: Brom's Barrelling Boulder
   126 | D        | Found a snail-covered altar of Cheibriados.
   126 | D        | Found a shadowy altar of Dithmenos.
   126 | D        | Found a white marble altar of Elyvilon.
   126 | D        | Found a blossoming altar of Fedhas.
   126 | D        | Found an opulent altar of Gozag.
   127 | D        | Found a hazy altar of Hepliaklqana.
   128 | D        | Found a viscous altar of Jiyva.
   129 | D        | Found an ancient bone altar of Kikubaaqudgha.
   130 | D        | Found a corrupted altar of Lugonu.
   131 | D        | Found a burning altar of Makhleb.
   132 | D        | Found a sparkling altar of Nemelex Xobeh.
   133 | D        | Found an iron altar of Okawaru.
   134 | D        | Found a stormy altar of Qazlal.
   135 | D        | Found a sacrificial altar of Ru.
   136 | D        | Found a shimmering blue altar of Sif Muna.
   137 | D        | Found a bloodstained altar of Trog.
   138 | D        | Found a hide-covered altar of Uskayaw.
   139 | D        | Found a radiant altar of Vehumet.
   140 | D        | Found an ornate altar of the Wu Jian Council.
   141 | D        | Found a shimmering altar of Xom.
   142 | D        | Found a basalt altar of Yredelemnul.
   143 | D        | Found a glowing silver altar of Zin.
   144 | D        | Found a glowing golden altar of the Shining One.
   147 | D        | Became a worshipper of Vehumet
   194 | D        | Noticed a vampire mosquito
   194 | D        | Noticed a shadow
   194 | D        | Noticed a shadow
   194 | D        | Noticed an acid dragon
   199 | D        | Killed a vampire mosquito
   200 | D        | Reached skill level 9 in Earth Magic
   200 | D        | Reached XP level 5. HP: 4/28 MP: 0/14
   200 | D        | Reached XP level 6. HP: 4/32 MP: 0/15
   203 | D        | Killed a shadow
   204 | D        | Reached skill level 10 in Earth Magic
   205 | D        | Killed a shadow
   205 | D        | Reached * piety under Vehumet
   205 | D        | Offered knowledge of Freeze by Vehumet.
   206 | D        | Reached skill level 11 in Earth Magic
   206 | D        | Reached XP level 7. HP: 4/36 MP: 4/18
   210 | D        | Reached skill level 10 in Conjurations
   222 | D        | Killed an unseen horror
   222 | D        | Reached ** piety under Vehumet
   223 | D        | Reached skill level 12 in Earth Magic
   223 | D        | Reached XP level 8. HP: 4/41 MP: 5/21
   384 | D        | Noticed a centaur warrior
   384 | D        | Noticed a komodo dragon
   384 | D        | Noticed a gargoyle
   384 | D        | Noticed a slime creature
   388 | D        | Shot with an arrow by a centaur warrior

Illustrated notes

Levels and vault maps discovered:
D:        linesprint [early_d, line_temple, items_1, d_10, items_2, lair_1,
          lair_end, items_3, orc_1, orc_end, items_4, d_15, swamp_1, shoals_1,
          snake_1, spider_1, d_20, vaults_1, items_5, swamp_end, shoals_end,
          snake_end, spider_end, vaults_end, d_27, items_6, zot_1, zot_end,
          crypt_end, forest_end, elf_end, slime_end, tomb_end, abyss_end,
          pan_hell_end]

Skill      XL: |  1  2  3  4  5  6  7 |
---------------+----------------------+-----
Earth Magic    | 5 6 9 11 12 | 12.4
Conjurations   | 4 5 7 9 11 | 11.0
Spellcasting   | 3 4 6 8 9 |  9.6
Dodging        | |  1.5
Stealth        | |  2.1

Action                     |  1- 3 |  4- 6 |  7- 9 || total
---------------------------+-------+-------+-------++-------
  Melee: Unarmed           |    19 |       |       ||    19
         Dagger            |     3 |       |       ||     3
         Morningstar       |       |       |     5 ||     5
   Cast: Sandblast         |     7 |     5 |       ||    12
         Stone Arrow       |       |     7 |     8 ||    15
         Brom's Barrelling |       |       |     2 ||     2
    Use: Potion            |     1 |     3 |     5 ||     9
 Armour: Robe              |    21 |     8 |    27 ||    56
  Dodge: Dodged            |    11 |    10 |     3 ||    24
